 Dungeon Crawl Stone Soup version 0.27-a0-1529-g1e82c303ef (webtiles) character file.

Game seed: 15262918997142203051

42 quinnr the Gusty (level 3, 0/19 HPs)
             Began as a Tengu Air Elementalist on July 11, 2021.
             Slain by a gnoll (15 damage)
             ... on level 2 of the Dungeon.
             The game lasted 00:02:15 (1398 turns).

quinnr the Gusty (Tengu Air Elementalist)           Turns: 1398, Time: 00:02:16

Health: 0/19       AC:  3    Str:  8    XL:     3   Next: 56%
Magic:  0/7        EV: 12    Int: 16    God:
Gold:   53         SH:  0    Dex: 14    Spells: 5/6 levels left

rFire    . . .     SeeInvis .   e - +2 whip (holy)
rCold    . . .     Faith    .   (no shield)
rNeg     . . .     Spirit   .   a - +0 robe
rPois    .         Reflect  .   (helmet restricted)
rElec    .         Harm     .   (no cloak)
rCorr    .         Rampage  .   k - +0 pair of gloves
Will     +....                  (boots unavailable)
Stlth    ++........             (no amulet)
HPRegen  0.06/turn              g - ring of willpower
MPRegen  0.10/turn              (no ring)

@: no status effects
A: beak, talons 3
a: no special abilities


You were on level 2 of the Dungeon.
You visited 1 branch of the dungeon, and saw 2 of its levels.

You collected 53 gold pieces.

Inventory:

Hand Weapons
 e - a +2 whip of holy wrath (weapon)
Missiles
 c - 5 curare-tipped darts
Armour
 a - a +0 robe (worn)
 k - a +0 pair of gloves (worn)
Jewellery
 g - a ring of willpower (left hand)
Scrolls
 d - a scroll of vulnerability {unknown}
 f - a scroll of immolation {unknown}
 i - a scroll of identify {unknown}
 j - a scroll of torment {unknown}
Potions
 b - a potion of degeneration {unknown}
 h - 2 potions of curing {unknown}


   Skills:
 - Level 2.2 Dodging
 + Level 2.7 Stealth
 - Level 2.0 Spellcasting
 - Level 1.5 Conjurations
 * Level 5.2 Air Magic


You had 5 spell levels left.
You knew the following spells:

 Your Spells              Type           Power      Damage    Failure   Level
a - Shock                 Conj/Air       48%        1d6       4%          1

Your spell library contained the following spells:

 Spells                   Type           Power      Damage    Failure   Level
 Swiftness                Air            18%        N/A       7%          3
 Static Discharge         Conj/Air       12%        N/A       8%          2
 Airstrike                Air            9%         N/A       24%         4
 Gell's Gravitas          Tloc           0%         N/A       52%         3
 Lesser Beckoning         Tloc           0%         N/A       52%         3
 Teleport Other           Tloc           1%         N/A       52%         3


Dungeon Overview and Level Annotations

Branches:
Dungeon (2/15)

Altars:


Innate Abilities, Weirdness & Mutations

You have a beak for a mouth.
You have claws for feet.


Message History

The zap misses the gnoll.
A gnoll comes into view. It is wielding a +0 halberd.
The zap hits the gnoll.
The gnoll is lightly wounded.
The zap hits the gnoll.
The gnoll is moderately wounded.
The gnoll shouts!
The zap hits the gnoll.
The gnoll is moderately wounded.
The zap hits the gnoll.
The gnoll is heavily wounded.
A gnoll comes into view.
It is wielding a +1 flail of holy wrath.
The zap hits the gnoll.
The gnoll is almost dead.
The zap hits the gnoll.
The gnoll is heavily wounded.
The zap misses the gnoll.
The zap misses the gnoll. x2; The zap hits the gnoll.
The gnoll is moderately wounded.
Your magical contamination has completely faded away.
Casting: Shock (safe; 4% risk of failure)
Confirm with . or Enter, or press ? or * to list all spells.
Aiming: Shock (safe; 4% risk of failure)
Press: ? - help, Shift-Dir - straight line, f - gnoll, p - gnoll
Aim: a gnoll, wielding a +1 flail of holy wrath (moderately wounded, 72% to hit)
The zap hits the gnoll.
The gnoll is almost dead.
The zap hits the gnoll.
The gnoll is almost dead.
The zap hits the gnoll.
The gnoll is almost dead.
The gnoll hits you with a +0 whip.
Unknown command.
Unknown command.
You hit the gnoll.
You kill the gnoll!
A gnoll comes into view. It is wielding a +0 club.
The gnoll hits you from afar with a +0 halberd!
Ouch! That really hurt!
You die...

#.# #g# #.#
...# #.# ##...
... ....# #g#
#...# #g# #...#
#)# #...# #@#
##).>###.#
#........#
#.)#..####
#..#).#### ##
#..#.....## ..
##...........
#.#...####..###
#..............


You could see 3 gnolls.

Vanquished Creatures
  A gnoll (D:2)
  2 adders (D:2)
  2 bats
  An endoplasm (D:1)
  5 goblins
  2 hobgoblins
  A kobold (D:2)
  4 quokkas
  3 frilled lizards
  3 rats
24 creatures vanquished.

Notes
Turn   | Place    | Note
-------+----------+-------------------------------------------
     0 | D:1      | quinnr the Tengu Air Elementalist began the quest for the
                  | Orb.
     0 | D:1      | Reached XP level 1. HP: 10/10 MP: 4/4
   447 | D:1      | Reached XP level 2. HP: 15/15 MP: 4/6
   537 | D:1      | Found a faded altar of an unknown god.
  1005 | D:2      | Reached XP level 3. HP: 19/19 MP: 4/7
  1066 | D:2      | Reached skill level 5 in Air Magic
  1398 | D:2      | Slain by a gnoll

Illustrated notes

Levels and vault maps discovered:
D:1:      dpeg_arrival_circle_labyrinth_a, layout_loops_ring,
          hellmonk_ecumenical_altar_run_dry
D:2:      layout_loops_ring

Skill      XL: |  1  2  3 |
---------------+----------+-----
Air Magic      | 5 |  5.2
Dodging        | |  2.2
Stealth        | |  2.7
Spellcasting   | |  2.0
Conjurations   | |  1.5

Action                   || total
-------------------------++-------
Melee: Whip              ||     3
       Peck              ||     1
 Cast: Shock             ||    55
Dodge: Dodged            ||     5

Table legend: (Time is in decaauts)
 A = Elapsed time spent in this place.
 B = Non-inter-level travel time spent in this place.
 C = Inter-level travel time spent in this place.
 D = Time resting spent in this place.
 E = Time spent auto-exploring this place.
 F = Levels seen in this place.
 G = Mean time per level.
                   A        B        C        D        E       F      G
               +--------+--------+--------+--------+--------+-----+--------+
         Total |   1396 |   1348 |     48 |      0 |   1229 |   2 |  698.0 |
       Dungeon |   1396 |   1348 |     48 |      0 |   1229 |   2 |  698.0 |
               +--------+--------+--------+--------+--------+-----+--------+

Top non-repeatable levels by time:
     D:1: 899 daAuts
     D:2: 497 daAuts
